 Dungeon Crawl Stone Soup version 0.27.0-1-g7a089689b8 (webtiles) character file.

Game seed: 1891637082280740705

675 octoduck the Geomancer (level 7, 0/57 HPs)
             Began as a Gargoyle Earth Elementalist on Aug 13, 2021.
             Was an Initiate of Vehumet.
             Slain by a killer bee (4 damage)
             ... on level 4 of the Dungeon.
             The game lasted 00:14:44 (6771 turns).

octoduck the Geomancer (GrEE)                       Turns: 6771, Time: 00:14:45

Health: 0/57       AC:  7    Str: 12    XL:     7   Next: 59%
Magic:  5/11       EV: 11    Int: 17    God:    Vehumet [......]
Gold:   221        SH:  0    Dex: 10    Spells: 5/11 levels left

rFire    . . .     SeeInvis .   i - +1 mace
rCold    . . .     Faith    .   (no shield)
rNeg     + . .     Spirit   .   b - +1 robe
rPois    ∞         Reflect  .   (no helmet)
rElec    +         Harm     .   (no cloak)
rCorr    .         Rampage  .   (no gloves)
Will     .....     Clarity  +   (no boots)
Stlth    ..........             (no amulet)
HPRegen  0.19/turn              (no ring)
MPRegen  0.12/turn              (no ring)

@: berserking, attractive, very quick
A: sickness immunity, AC +4, negative energy resistance 1, electricity
resistance, torment resistance 1, petrification resistance, clarity, mutation
resistance 1
a: Renounce Religion


You were on level 4 of the Dungeon.
You worshipped Vehumet.
Vehumet was noncommittal.
You visited 2 branches of the dungeon, and saw 5 of its levels.

You collected 221 gold pieces.

Inventory:

Hand Weapons
 f - a +0 flail
 i - a +1 mace (weapon)
Missiles
 c - 23 stones
Armour
 b - a +1 robe (worn)
 h - a +0 leather armour
Jewellery
 a - a ring of positive energy
Wands
 e - a wand of polymorph (1)
Scrolls
 m - a scroll of identify
Potions
 d - a potion of attraction
 j - a potion of magic {unknown}
 l - a potion of degeneration {unknown}


   Skills:
 + Level 1.4 Fighting
 - Level 1.5 Dodging
 - Level 2.1 Stealth
 + Level 2.7 Spellcasting
 - Level 4.5 Conjurations
 - Level 0.7 Transmutations
 * Level 8.2 Earth Magic


You had 5 spell levels left.
You knew the following spells:

 Your Spells              Type           Power      Damage    Failure   Level
a - Sandblast             Erth           60%        2d14      1%          1
b - Stone Arrow           Conj/Erth      48%        3d10      3%          3
c - Passwall              Tmut/Erth      14%        N/A       4%          2

Your spell library contained the following spells:

 Spells                   Type           Power      Damage    Failure   Level
 Mephitic Cloud           Conj/Pois/Air  7%         N/A       28%         3
 Petrify                  Tmut/Erth      17%        N/A       28%         4
 Ignite Poison            Fire/Tmut/Pois 3%         N/A       43%         3
 Ozocubu's Armour         Ice            2%         N/A       47%         3
 Bolt of Magma            Conj/Fire/Erth 8%         4d6       65%         5
 Ozocubu's Refrigeration  Ice            1%         4d5       100%        7


Dungeon Overview and Level Annotations

Branches:
Dungeon (4/15)             Temple (1/1) D:4

Altars:
Ashenzari
Dithmenos
Hepliaklqana
Makhleb
Okawaru
Sif Muna
Vehumet
Yredelemnul
Zin

Annotations:
D:4 exclusion: necrophage


Innate Abilities, Weirdness & Mutations

You are immune to sickness and miasma.
Your stone body is resilient. (AC +4)
You are immune to poison.
You resist negative energy. (rN+)
You are resistant to electric shocks. (rElec)
You are resistant to unholy torment.
You are immune to petrification.
You possess an exceptional clarity of mind.
You are somewhat resistant to further mutation.


Message History

Casting: Sandblast (safe; 1% risk of failure)
Confirm with . or Enter, or press ? or * to list all spells.
Aiming: Sandblast (safe; 1% risk of failure)
Press: ? - help, Shift-Dir - straight line, f - killer bee
Aim: a killer bee (61% to hit)
The blast of sand misses the killer bee.
The killer bee barely misses you. The killer bee closely misses you.
Casting: Sandblast (safe; 1% risk of failure)
Confirm with . or Enter, or press ? or * to list all spells.
Aiming: Sandblast (safe; 1% risk of failure)
Press: ? - help, Shift-Dir - straight line, f/p - killer bee
Aim: a killer bee (61% to hit)
The blast of sand hits the killer bee!
The killer bee is severely wounded.
The killer bee barely misses you. The killer bee stings you. x2
* * * LOW HITPOINT WARNING * * *
Casting: Sandblast (safe; 1% risk of failure)
Confirm with . or Enter, or press ? or * to list all spells.
Aiming: Sandblast (safe; 1% risk of failure)
Press: ? - help, Shift-Dir - straight line, f/p - killer bee
Aim: a killer bee (severely wounded, 61% to hit)
The blast of sand hits the killer bee!
You kill the killer bee!
Vehumet accepts your kill.
The killer bee stings you but does no damage.
The killer bee stings you.
* * * LOW HITPOINT WARNING * * *
Okay, then.
It was a potion of attraction.
You feel attractive to monsters.
The killer bee buzzes angrily.
The killer bee stings you.
* * * LOW HITPOINT WARNING * * *
The killer bee stings you.
* * * LOW HITPOINT WARNING * * *
The killer bee is pulled toward you!
It was a potion of berserk rage.
A red film seems to cover your vision as you go berserk!
You feel yourself moving faster!
You feel mighty! The killer bee stings you.
You die...

.###.........#........#
..#..........#........#
'............#........#
#............#........#
#............#........#
..#...>......#........#
.###......y†.'........#
..#..##....)####y##...#
.....##.....####@##...#
...............y......#
#.....................#
n....................#
.............>.......#
#o#####.......##......#
#....#######'###......#
.....#............)<..#
.##..#................#


You could see 2 killer bees.

Vanquished Creatures
  A necrophage (D:4)
  A scorpion (D:4)
  A killer bee (D:4)
  A howler monkey (D:4)
  2 orc priests
  3 hounds (D:3)
  Ijyb (D:4)
  An orc wizard (D:3)
  13 gnolls
  3 adders
  2 worms (D:2)
  2 dart slugs (D:1)
  7 orcs (D:3)
  6 bats
  4 endoplasms
  3 giant cockroaches
  3 goblins
  11 hobgoblins
  5 jackals
  4 quokkas
  3 ball pythons (D:3)
  2 frilled lizards
  3 kobolds
  8 rats
90 creatures vanquished.

Notes
Turn   | Place    | Note
-------+----------+-------------------------------------------
     0 | D:1      | octoduck the Gargoyle Earth Elementalist began the quest
                  | for the Orb.
     0 | D:1      | Reached XP level 1. HP: 10/10 MP: 3/3
   162 | D:1      | Reached skill level 4 in Earth Magic
   200 | D:1      | Reached XP level 2. HP: 15/15 MP: 5/5
   906 | D:1      | Reached XP level 3. HP: 17/19 MP: 6/6
   918 | D:1      | Reached skill level 5 in Earth Magic
  1954 | D:2      | Reached XP level 4. HP: 19/24 MP: 5/7
  2097 | D:2      | Learned a level 3 spell: Stone Arrow
  2514 | D:2      | Reached skill level 6 in Earth Magic
  2801 | D:2      | Gained mutation: You are somewhat resistant to further
                  | mutation. [potion of mutation]
  2801 | D:2      | Gained mutation: You possess an exceptional clarity of
                  | mind. [potion of mutation]
  2853 | D:3      | Reached skill level 1 in Conjurations
  3257 | D:2      | Reached XP level 5. HP: 28/28 MP: 5/8
  3305 | D:3      | Found a faded altar of an unknown god.
  4551 | D:3      | Reached skill level 7 in Earth Magic
  4551 | D:3      | Reached XP level 6. HP: 32/32 MP: 6/9
  5215 | D:4      | Found a staircase to the Ecumenical Temple.
  5216 | D:4      | Noticed a necrophage
  5225 | Temple   | Entered the Ecumenical Temple
  5263 | Temple   | Became a worshipper of Vehumet
  6148 | D:4      | Reached XP level 7. HP: 36/36 MP: 3/10
  6479 | D:4      | Learned a level 2 spell: Passwall
  6675 | D:4      | Noticed Ijyb
  6684 | D:4      | Killed Ijyb
  6685 | D:4      | Reached skill level 1 in Fighting
  6693 | D:4      | Reached skill level 8 in Earth Magic
  6771 | D:4      | Slain by a killer bee

Illustrated notes

Levels and vault maps discovered:
D:1:      scummos_arrival_forest, layout_basic
D:2:      layout_basic
D:3:      minmay_wonky_spiral, layout_loops_corners,
          ebering_ecumenical_altar_mist, corexii_leaking_fountain
D:4:      layout_gridville, minmay_temple_entry_antechambers, hex_tiny,
          minmay_strange_pillars, uniq_ijyb
Temple:   regret_index_temple_sigil_plot

Skill      XL: |  1  2  3  4  5  6  7 |
---------------+----------------------+-----
Earth Magic    | 4 5 6 7 8 |  8.2
Conjurations   | 1 3 4 |  4.5
Fighting       | 1 |  1.4
Dodging        | |  1.5
Stealth        | |  2.1
Spellcasting   | |  2.7
Transmutations | |  0.7

Action                   |  1- 3 |  4- 6 |  7- 9 || total
-------------------------+-------+-------+-------++-------
Melee: Hand axe          |    86 |       |       ||    86
       Unarmed           |     8 |       |       ||     8
       Mace              |    10 |   144 |    30 ||   184
 Cast: Sandblast         |    19 |    31 |     9 ||    59
       Stone Arrow       |       |     4 |     6 ||    10
  Use: Scroll            |     2 |     6 |     2 ||    10
       Potion            |       |     1 |     3 ||     4
 Stab: Sleeping          |     1 |     6 |       ||     7
       Distracted        |     1 |       |       ||     1
Armor: Robe              |    47 |    78 |    28 ||   153
Dodge: Dodged            |    72 |   121 |    60 ||   253
